3L
SC STORM @ LONE STAR BC
09/27/2018
 
TOP OF THE 1ST
SC Storm batting - Pitching for Lone Star BC : RHP Marlon Miller
Pitching: RHP Marlon Miller
Batting: RHB Bobby Christopher 0-0: Ball
1-0: Foul Ball, location: 2F
1-1: Called Strike
1-2: Ground out 1-3 (Groundball, 15S)
Batting: LHB Denny Young 0-0: Ball
1-0: Called Strike
1-1: Fly out, F6 (Popup, 6D)
Batting: RHB Robbie Roach 0-0: Foul Ball, location: 2F
0-1: Fly out, F8 (Flyball, 8RD)
Top of the 1st over - 0 run(s), 0 hit(s), 0 error(s), 0 left on base; SC 0 - Lone Star 0
BOTTOM OF THE 1ST
Lone Star BC batting - Pitching for SC Storm : LHP Mike Benjamin
Pitching: LHP Mike Benjamin
Batting: LHB Ray Merrill 0-0: Called Strike
0-1: Foul Ball, location: 2F
0-2: Strikes out swinging
Batting: RHB Elvis Larson 0-0: Called Strike
0-1: Called Strike
0-2: Ball
1-2: Strikes out swinging
Batting: RHB Toshitsugu Sakamoto 0-0: SINGLE (Groundball, 56)
Batting: RHB José Rodríguez 0-0: Ball
1-0: Called Strike
1-1: Ball
2-1: Ball
3-1: Called Strike
3-2: DOUBLE (Line Drive, 7LM)
Toshitsugu Sakamoto to third
Toshitsugu Sakamoto scores
Batting: SHB Matt Morris 0-0: Fly out, F7 (Flyball, 7D)
Bottom of the 1st over - 1 run(s), 2 hit(s), 0 error(s), 1 left on base; SC 0 - Lone Star 1
TOP OF THE 2ND
SC Storm batting - Pitching for Lone Star BC : RHP Marlon Miller
Batting: LHB Albert Morán 0-0: Called Strike
0-1: Swinging Strike
0-2: Strikes out swinging
Batting: LHB Vern Forrest 0-0: SINGLE (Flyball, 8LS)
Batting: RHB António Prieto 0-0: Called Strike
Vern Forrest steals 2nd base
0-1: Ball
1-1: Ball
2-1: Ground out 6-3 (Groundball, 6)
Batting: SHB José Martínez 0-0: Called Strike
0-1: Called Strike
0-2: Ball
1-2: Fly out, F7 (Flyball, 7S)
Top of the 2nd over - 0 run(s), 1 hit(s), 0 error(s), 1 left on base; SC 0 - Lone Star 1
BOTTOM OF THE 2ND
Lone Star BC batting - Pitching for SC Storm : LHP Mike Benjamin
Batting: RHB Henry Potts 0-0: Ball
1-0: Ball
2-0: Called Strike
2-1: SINGLE (Groundball, 6)
Batting: RHB Robert Hill 0-0: Foul Ball, location: 2F
0-1: Ball
1-1: 2-RUN HOME RUN (Flyball, 8RXD), Distance : 426 ft
Batting: RHB Thomas Dunlap 0-0: Ball
1-0: DOUBLE (Line Drive, 5D)
Batting: RHB Marlon Miller 0-0: Bunted foul
0-1: Ball
1-1: Bunted foul
1-2: Sac Bunt - play at first, batter OUT! 1-4
Thomas Dunlap to third
Batting: LHB Ray Merrill 0-0: Ball
1-0: Foul Ball, location: 2F
1-1: Called Strike
1-2: Ball
2-2: Foul Ball, location: 2F
2-2: Foul Ball, location: 2F
2-2: Foul Ball, location: 2F
2-2: Foul Ball, location: 2F
2-2: Foul Ball, location: 2F
2-2: Ball
3-2: Foul Ball, location: 2F
3-2: Foul Ball, location: 2F
3-2: Foul Ball, location: 2F
3-2: Base on Balls
Batting: RHB Elvis Larson 0-0: Ball
Ray Merrill is caught stealing 2nd base
1-0: Ball
2-0: Fly out, F9 (Flyball, 9LM)
Bottom of the 2nd over - 2 run(s), 3 hit(s), 0 error(s), 1 left on base; SC 0 - Lone Star 3
TOP OF THE 3RD
SC Storm batting - Pitching for Lone Star BC : RHP Marlon Miller
Batting: LHB Juan Valdéz 0-0: Called Strike
0-1: Foul Ball, location: 2F
0-2: SINGLE (Groundball, 34D)
Batting: LHB Mike Benjamin 0-0: Bunted foul
0-1: Bunt - Flyout! F3
Batting: RHB Bobby Christopher 0-0: Ball
1-0: Ball
Juan Valdéz steals 2nd base
2-0: Ball
3-0: Called Strike
3-1: Called Strike
3-2: Foul Ball, location: 2F
3-2: Ground out 6-3 (Groundball, 6)
Juan Valdéz to third
Batting: LHB Denny Young 0-0: Ball
1-0: Ground out 3-1 (Groundball, 34)
Top of the 3rd over - 0 run(s), 1 hit(s), 0 error(s), 1 left on base; SC 0 - Lone Star 3
BOTTOM OF THE 3RD
Lone Star BC batting - Pitching for SC Storm : LHP Mike Benjamin
Batting: RHB Toshitsugu Sakamoto 0-0: Called Strike
0-1: Swinging Strike
0-2: Reached on error, E6 (Groundball, 6M)
Batting: RHB José Rodríguez 0-0: 2-RUN HOME RUN (Flyball, 89XD), Distance : 381 ft
Pitching: LHP Ron Irwin
Batting: SHB Matt Morris 0-0: Swinging Strike
0-1: Ground out 5-3 (Groundball, 5L)
Batting: RHB Henry Potts 0-0: Ball
1-0: Foul Ball, location: 2F
1-1: Ball
2-1: Ball
3-1: Base on Balls
Batting: RHB Robert Hill 0-0: Reached on error, E6 (Groundball, 6)
Henry Potts to second
Batting: RHB Thomas Dunlap 0-0: Swinging Strike
0-1: Ball
1-1: Ball
2-1: Fly out, F7 (Flyball, 7S)
Batting: RHB Marlon Miller 0-0: Called Strike
0-1: Foul Ball, location: 2F
0-2: Strikes out looking
Bottom of the 3rd over - 2 run(s), 1 hit(s), 2 error(s), 2 left on base; SC 0 - Lone Star 5
TOP OF THE 4TH
SC Storm batting - Pitching for Lone Star BC : RHP Marlon Miller
Batting: RHB Robbie Roach 0-0: Ball
1-0: Ball
2-0: Called Strike
2-1: Foul Ball, location: 2F
2-2: Ball
3-2: Base on Balls
Batting: LHB Albert Morán 0-0: Ball
1-0: Called Strike
1-1: Ball
2-1: Called Strike
2-2: Foul Ball, location: 2F
2-2: Foul Ball, location: 2F
2-2: Ball
3-2: Base on Balls
Robbie Roach to second
Batting: LHB Vern Forrest 0-0: Foul Ball, location: 2F
0-1: Foul Ball, location: 2F
0-2: Ball
1-2: Reached on error, E1 (Groundball, 25)
Robbie Roach to third
Albert Morán to second
Batting: RHB António Prieto 0-0: Ball
1-0: Called Strike
1-1: Ball
2-1: Swinging Strike
2-2: Fly out, F4 (Popup, 34D)
Batting: SHB José Martínez 0-0: Called Strike
0-1: Swinging Strike
0-2: Strikes out swinging
Batting: LHB Juan Valdéz 0-0: Ball
1-0: Ball
2-0: Fly out, F7 (Flyball, 7M)
Top of the 4th over - 0 run(s), 0 hit(s), 1 error(s), 3 left on base; SC 0 - Lone Star 5
BOTTOM OF THE 4TH
Lone Star BC batting - Pitching for SC Storm : LHP Ron Irwin
Batting: LHB Ray Merrill 0-0: Called Strike
0-1: Fly out, F4 (Popup, 4)
Batting: RHB Elvis Larson 0-0: Called Strike
0-1: Ball
1-1: Foul Ball, location: 2F
1-2: SINGLE (Line Drive, 6D)
Batting: RHB Toshitsugu Sakamoto 0-0: Ball
1-0: Called Strike
1-1: Ball
2-1: Foul Ball, location: 2F
2-2: Fly out, F9 (Flyball, 89M)
Batting: RHB José Rodríguez 0-0: Ball
1-0: Ball
2-0: Called Strike
2-1: Ball
3-1: Base on Balls
Elvis Larson to second
Batting: SHB Matt Morris 0-0: Ball
1-0: Ground out 1-3 (Groundball, 15)
Bottom of the 4th over - 0 run(s), 1 hit(s), 0 error(s), 2 left on base; SC 0 - Lone Star 5
TOP OF THE 5TH
SC Storm batting - Pitching for Lone Star BC : RHP Marlon Miller
Batting: LHB Ron Irwin 0-0: Ball
1-0: Ground out 6-3 (Groundball, 6)
Batting: RHB Bobby Christopher 0-0: Called Strike
0-1: Swinging Strike
0-2: Ground out 6-3 (Groundball, 6)
Batting: LHB Denny Young 0-0: Ball
1-0: Foul Ball, location: 2F
1-1: Called Strike
1-2: Ball
2-2: SINGLE (Groundball, 56D)
Batting: RHB Robbie Roach 0-0: Ball
1-0: Ball
2-0: Called Strike
2-1: Ball
3-1: Ground out 1-3 (Groundball, 15)
Top of the 5th over - 0 run(s), 1 hit(s), 0 error(s), 1 left on base; SC 0 - Lone Star 5
BOTTOM OF THE 5TH
Lone Star BC batting - Pitching for SC Storm : LHP Ron Irwin
Batting: RHB Henry Potts 0-0: Foul Ball, location: 2F
0-1: Ground out 6-3 (Groundball, 6M)
Batting: RHB Robert Hill 0-0: SOLO HOME RUN (Flyball, 78XD), Distance : 377 ft
Batting: RHB Thomas Dunlap 0-0: Called Strike
0-1: Ball
1-1: Ball
2-1: Ball
3-1: Fly out, F3 (Popup, 3F)
Batting: RHB Marlon Miller 0-0: Fly out, F8 (Flyball, 8LS)
Bottom of the 5th over - 1 run(s), 1 hit(s), 0 error(s), 0 left on base; SC 0 - Lone Star 6
TOP OF THE 6TH
SC Storm batting - Pitching for Lone Star BC : RHP Marlon Miller
Batting: LHB Albert Morán 0-0: Ball
1-0: Called Strike
1-1: Ball
2-1: Ball
3-1: Foul Ball, location: 2F
3-2: Foul Ball, location: 2F
3-2: SINGLE (Groundball, 56)
Batting: LHB Vern Forrest 0-0: Ball
1-0: Foul Ball, location: 2F
1-1: Foul Ball, location: 2F
1-2: Ball
2-2: Grounds into double play, 4-6-3 (Groundball, 34)
Batting: RHB António Prieto 0-0: Ball
1-0: Reached on error, E5 (Groundball, 5)
Batting: SHB José Martínez 0-0: Fly out, F8 (Flyball, 8RM)
Top of the 6th over - 0 run(s), 1 hit(s), 1 error(s), 1 left on base; SC 0 - Lone Star 6
BOTTOM OF THE 6TH
Lone Star BC batting - Pitching for SC Storm : LHP Ron Irwin
Batting: LHB Ray Merrill 0-0: Ball
1-0: Foul Ball, location: 2F
1-1: Called Strike
1-2: Ball
2-2: Ball
3-2: Foul Ball, location: 2F
3-2: Ground out 1-3 (Groundball, 13)
Batting: RHB Elvis Larson 0-0: Foul Ball, location: 2F
0-1: Ball
1-1: Foul Ball, location: 2F
1-2: Strikes out swinging
Batting: RHB Toshitsugu Sakamoto 0-0: Called Strike
0-1: Ball
1-1: Ball
2-1: Foul Ball, location: 2F
2-2: Strikes out looking
Bottom of the 6th over - 0 run(s), 0 hit(s), 0 error(s), 0 left on base; SC 0 - Lone Star 6
TOP OF THE 7TH
SC Storm batting - Pitching for Lone Star BC : RHP Marlon Miller
Now at C: Ricardo Nieto
Now in RF: Jeff Sharp
Batting: LHB Juan Valdéz 0-0: Foul Ball, location: 2F
0-1: Ball
1-1: Ball
2-1: Ball
3-1: Base on Balls
Pinch Hitting: RHB Chris Lowe 0-0: Ball
1-0: Ball
2-0: Ball
3-0: Called Strike
3-1: Foul Ball, location: 2F
3-2: Strikes out swinging
Batting: RHB Bobby Christopher 0-0: Swinging Strike
0-1: Called Strike
0-2: Ball
1-2: Grounds into double play, U6-3 (Groundball, 6M)
Top of the 7th over - 0 run(s), 0 hit(s), 0 error(s), 0 left on base; SC 0 - Lone Star 6
BOTTOM OF THE 7TH
Lone Star BC batting - Pitching for SC Storm : LHP Ron Irwin
Pitching: RHP Christian Bates
Batting: RHB José Rodríguez 0-0: Ball
1-0: Called Strike
1-1: Swinging Strike
1-2: Ball
2-2: Strikes out looking
Batting: RHB Ricardo Nieto 0-0: Fly out, F9 (Flyball, 89M)
Batting: RHB Henry Potts 0-0: Ball
1-0: Fly out, F9 (Flyball, 9S)
Bottom of the 7th over - 0 run(s), 0 hit(s), 0 error(s), 0 left on base; SC 0 - Lone Star 6
TOP OF THE 8TH
SC Storm batting - Pitching for Lone Star BC : RHP Marlon Miller
Now at 1B: Tony García
Batting: LHB Denny Young 0-0: Foul Ball, location: 2F
0-1: Ground out U3 (Groundball, 3L)
Batting: RHB Robbie Roach 0-0: Ball
1-0: Foul Ball, location: 2F
1-1: SOLO HOME RUN (Line Drive, 7LD), Distance : 336 ft
Batting: LHB Albert Morán 0-0: Ground out 4-3 (Groundball, 4)
Batting: LHB Vern Forrest 0-0: Fly out, F6 (Popup, 56D)
Top of the 8th over - 1 run(s), 1 hit(s), 0 error(s), 0 left on base; SC 1 - Lone Star 6
BOTTOM OF THE 8TH
Lone Star BC batting - Pitching for SC Storm : RHP Christian Bates
Batting: RHB Robert Hill 0-0: Swinging Strike
0-1: Ball
1-1: Fly out, F9 (Flyball, 9M)
Batting: RHB Thomas Dunlap 0-0: Ball
1-0: SINGLE (Groundball, 4MD)
Pinch Hitting: LHB Gregory Johnson 0-0: Ball
1-0: Ground out 5-3 (Groundball, 56S)
Thomas Dunlap to second
Batting: LHB Ray Merrill 0-0: Ball
1-0: Ball
2-0: Fly out, F6 (Popup, 6M)
Bottom of the 8th over - 0 run(s), 1 hit(s), 0 error(s), 1 left on base; SC 1 - Lone Star 6
TOP OF THE 9TH
SC Storm batting - Pitching for Lone Star BC : RHP Marlon Miller
Pitching: RHP Kelly Hyde
Batting: RHB António Prieto 0-0: Ball
1-0: Ball
2-0: Foul Ball, location: 2F
2-1: Ball
3-1: Foul Ball, location: 2F
3-2: Strikes out swinging
Batting: SHB José Martínez 0-0: Ball
1-0: Called Strike
1-1: Foul Ball, location: 2F
1-2: Foul Ball, location: 2F
1-2: Ground out U3 (Groundball, 3)
Batting: LHB Juan Valdéz 0-0: Fly out, F2 (Popup, 2RF)
Top of the 9th over - 0 run(s), 0 hit(s), 0 error(s), 0 left on base; SC 1 - Lone Star 6
This league is powered by Out of the Park Baseball, the baseball management simulation game for PC, Mac and Linux
Monday, May 4th, 2015 - OOTP Baseball 15.6 Build 34